 Dungeon Crawl Stone Soup version 0.17-a0-1802-g9847487 (console) character file.

16 Illiel the Sneak (level 2, -1/25 HPs)
             Began as a High Elf Enchanter on Sept 11, 2015.
             Succumbed to a kobold's poison
             ... on level 1 of the Dungeon.
             The game lasted 00:02:45 (468 turns).

Illiel the Sneak (High Elf Enchanter)                Turns: 468, Time: 00:02:45

Health: -1/25      AC: 21    Str:  7    XL:     2   Next: 37%
Magic:  3/6        EV:  2    Int: 18    God:
Gold:   11         SH:  0    Dex: 15    Spells: 2 memorised, 3 levels left

rFire  . . .     SeeInvis .     a - +1 dagger
rCold  . . .     Clarity  .     (armour currently unavailable)
rNeg   + + +     SustAt   .     (no shield)
rPois  +         Gourm    .     (helmet currently unavailable)
rElec  .         Spirit   .     (cloak currently unavailable)
rCorr  .         Warding  .     (gloves currently unavailable)
rMut   .         NoTele   +     (boots currently unavailable)
MR     .....                    (no amulet)
Stlth  +++.......               (no ring)
                                (no ring)

@: lethally poisoned (-1 -> -30), tree-form, not resistant to hostile
enchantments, fairly stealthy
A: no striking features
a: no special abilities


You were on level 1 of the Dungeon.
You were not hungry.
You were a tree.
You visited 1 branch of the dungeon, and saw 1 of its levels.

You collected 11 gold pieces.

Inventory:

Hand weapons
 a - a +1 dagger (weapon)
Missiles
 j - 26 arrows
Armour
 b - a +1 robe (melded)
Scrolls
 e - a scroll of magic mapping {unknown}
 f - a scroll of teleportation {unknown}
 i - a scroll of noise {unknown}
 l - a scroll of random uselessness {unknown}
 o - a scroll of blinking {unknown}
 p - a scroll of identify {unknown}
Books
 c - a book of Maledictions

   Spells                             Type                      Level
   a - Corona                         Hexes                        1
   b - Ensorcelled Hibernation        Hexes/Ice                    2
   c - Confuse                        Hexes                        3
   d - Tukima's Dance                 Hexes                        3
   e - Dazzling Spray                 Conjuration/Hexes            3
Comestibles
 d - a bread ration
 k - a chunk of flesh
 m - a meat ration
 n - a beef jerky


   Skills:
 + Level 1.5 Short Blades
 - Level 2.1 Dodging
 + Level 3.8 Stealth
 + Level 2.6 Spellcasting
 + Level 3.2 Hexes


You had 3 spell levels left.
You knew the following spells:

 Your Spells              Type           Power        Failure   Level  Hunger
a - Corona                Hex            ##.....      6%          1    #......
j - Ensorcelled Hibernat  Hex/Ice        #.....       14%         2    ##.....


Dungeon Overview and Level Annotations

Branches:
Dungeon (1/15)

Altars:
Ashenzari


Message History

Drink which item? (? for menu, Esc to quit)
It was a potion of lignification.
You turn into a tree.
Your +1 robe melds into your body.
Your roots penetrate the ground.
* * * LOW HITPOINT WARNING * * *
You feel sick. The kobold hits you but does no damage.
You completely miss the kobold.
* * * LOW HITPOINT WARNING * * *
You feel sick. The kobold hits you but does no damage.
You closely miss the kobold.
* * * LOW HITPOINT WARNING * * *
You feel sick. The kobold hits you but does no damage.
You are more poisoned.
You hit the kobold.
The kobold is moderately wounded.
* * * LOW HITPOINT WARNING * * *
You feel sick. The kobold hits you but does no damage.
You are more poisoned.
You hit the kobold.
You kill the kobold!
You die... ▒▒ ∙∙▒▒▒▒▒▒▒▒▒∙ ∙∙∙∙∙∙∙∙∙▒▒) ▒∙∙∙∙∙ ▒∙∙▒▒∙ ∙ ▒∙∙∙∙∙ ▒∙∙∙∙▒▒▒∙∙ ▒▒▒ ▒▒■▒▒∙⌠▒∙∙ ▒∙! ∙∙∙∙∙∙∙∙∙ ▒∙▒▒▒▒▒ ∙∙∙∙∙∙∙∙▒▒ ▒?▒∙∙∙▒∙∙∙∙∙∙∙▒∙∙∙ ▒g'∙∙∙'∙∙∙▄∙∙∙■∙∙∙ ▒▒)▒∙∙∙▒∙∙∙∙∙∙∙∙∙∙∙ ▒▒∙î▒∙▒▒▒ ∙∙∙∙∙∙▒▒▒▒ ▒∙∙∙∙∙$▒ ∙∙∙∙

▒∙∙ ▒∙∙∙∙∙∙▒ ■▒∙ ▒∙∙
▒∙∙∙%∙∙▒▒▒▒$∙∙▒∙▒▒∙∙
▒∙∙∙∙∙∙∙∙∙∙∙∙∙∙∙∙∙∙∙
▒∙∙∙∙∙∙∙∙∙▒∙∙∙▒∙∙∙∙∙
▒∙∙∙∙▒▒∙▒∙∙▒ ▒∙∙∙∙∙
▒∙∙∙∙▒▒∙▒∙∙∙∙∙∙∙∙∙∙∙
▒∙∙∙∙ ▒∙▒ ▒▒▒▒▒▒▒▒∙▒
▒▒∙∙▒ ▒∙▒ ▒∙▒ ▒▒▒ ▒∙▒
▒∙▒ ▒%▒ ∙∙ ▒
▒▒▒▒▒▒▒)▒▒▒▒ ∙▒
∙∙∙▒∙∙∙>∙∙∙∙∙∙▒▒ ▒▒∙▒
∙∙∙∙∙∙∙∙)∙∙∙∙∙∙▒▒ ▒∙∙▒▒
∙∙∙∙∙>∙∙∙∙∙∙∙∙∙∙▒▒▒∙▒▒▒


∙∙∙∙∙∙∙>∙∙∙∙∙∙∙∙∙∙∙∙∙∙∙ You could see a hobgoblin.

Vanquished Creatures
  2 bats (D:1)
  2 giant cockroaches (D:1)
  2 goblins (D:1)
  A hobgoblin (D:1)
  4 kobolds (D:1)
  5 rats (D:1)
16 creatures vanquished.

Notes
Turn   | Place    | Note
--------------------------------------------------------------
     0 | D:1      | Illiel the High Elf Enchanter began the quest for the Orb.
     0 | D:1      | Reached XP level 1. HP: 11/11 MP: 4/4
   123 | D:1      | Reached XP level 2. HP: 10/17 MP: 4/6
   127 | D:1      | Learned a level 2 spell: Ensorcelled Hibernation
   312 | D:1      | Found a shattered altar of Ashenzari.
   467 | D:1      | HP: 1/25 [poisoned by a kobold]
   468 | D:1      | Succumbed to a kobold's poison

Vault maps used:
D:1:      lordsloth_arrival_two_stooges, evilmike_ruin_ashenzari

Action                   || total
-------------------------++-------
Melee: Dagger            ||    41
 Cast: Corona            ||     4
       Ensorcelled Hiber ||     6
  Use: Potion            ||     2
 Stab: Sleeping          ||     4
